Match 48356786
Unlisted

Match 48356786
End
Construct Infanterie Kompanie
Kettenkrad Recon Vehicle
Selects Mechanized Battlegroup
MG 42 Machine Gun Team
Grenadier Squad
GrW 34 Mortar Team
Grenadier Squad
Construct Luftwaffe Kompanie
Jäger Squad
Jäger Squad
Selects Mobile Repair Stations
Support Elements
Marder III M Tank Destroyer
Selects Wespe Self-propelled Artillery
Flak 30 Anti-aircraft Gun Team
Wespe Self-propelled Artillery
Jäger Squad
Selects Raid Package
Wespe Self-propelled Artillery
Wirbelwind Flakpanzer
Construct Panzergrenadier Kompanie
Jäger Squad
Jäger Squad
Selects Zeroing Artillery Barrage
Selects Zeroing Artillery Barrage
Pak 40 Anti-tank Gun Team
Zeroing Artillery Barrage
Jäger Squad
Necromancer
Grasshopper
DepictedTime
DAYWALKER
Snieeke
Monkeyfish
Dr_Druduls
SneaKerz
0
0

Comments sign in to comment!

No comments posted yet!